 Dungeon Crawl Stone Soup version 0.19.5 (webtiles) character file.

86 McKennaii the Shooter (level 4, 0/30 HPs)
             Began as a High Elf Hunter on May 2, 2017.
             Killed from afar by a white imp (5 damage)
             ... with a puff of frost
             ... summoned by Natasha
             ... on level 2 of the Dungeon.
             The game lasted 00:02:45 (1082 turns).

McKennaii the Shooter (High Elf Hunter)             Turns: 1082, Time: 00:02:46

Health: 0/30       AC:  4    Str: 11    XL:     4   Next: 27%
Magic:  5/5        EV: 13    Int: 15    God:
Gold:   108        SH:  0    Dex: 19    Spells: 0 memorised, 3 levels left

rFire  . . .     SeeInvis .     b - +0 long sword
rCold  . . .     Gourm    .     c - +0 leather armour
rNeg   . . .     Faith    .     (no shield)
rPois  .         Spirit   .     (no helmet)
rElec  .         Reflect  .     (no cloak)
rCorr  .         Harm     .     q - +0 pair of gloves
MR     .....                    (no boots)
Stlth  ++........               (no amulet)
                                d - +3 ring of dexterity
                                i - ring of wizardry

@: no status effects
A: no striking features
a: no special abilities


You were on level 2 of the Dungeon.
You were not hungry.

You visited 1 branch of the dungeon, and saw 2 of its levels.

You collected 108 gold pieces.

Inventory:

Hand Weapons
 a - a +1 shortbow
 b - a +0 long sword (weapon)
Armour
 c - a +0 leather armour (worn)
 q - a +0 pair of gloves (worn)
Jewellery
 d - a +3 ring of dexterity (right hand)
 i - a ring of wizardry (left hand)
Scrolls
 j - 3 scrolls of identify {unknown}
 l - a scroll of immolation {unknown}
 m - a scroll of enchant armour {unknown}
 n - a scroll of recharging {unknown}
 o - 2 scrolls of enchant weapon {unknown}
 p - a scroll of magic mapping {unknown}
 r - a scroll of remove curse {unknown}
 t - a scroll of amnesia {unknown}
Potions
 e - a potion of heal wounds {unknown}
Comestibles
 f - a bread ration
 g - 5 fruits
 h - 2 meat rations


   Skills:
 + Level 2.4 Fighting
 + Level 0.2 Long Blades
 + Level 7.1 Bows
 + Level 0.3 Armour
 + Level 2.4 Dodging
 + Level 1.1 Stealth


You had 3 spell levels left.
You didn't know any spells.

Dungeon Overview and Level Annotations

Branches:
Dungeon (2/15)

Altars:
Gozag

Annotations:
D:2 Natasha


Message History

The crimson imp blinks!
You hit Natasha.
Natasha is heavily wounded.
The white imp gestures at you. The puff of frost hits you!
Natasha wildly gestures.
Natasha's front paws start to glow.
Natasha stares at you and mumbles some strange words.
You resist with some effort. The shadow imp hits you.
The white imp closely misses you.
You riposte.
You hit the white imp but do no damage. You hit Natasha.
Natasha is severely wounded.
Natasha barely misses you.
You riposte.
You closely miss Natasha.
Natasha is severely wounded.
The shadow imp hits you.
* * * LOW HITPOINT WARNING * * *
The white imp gestures at you. The puff of frost hits you!
You die...

###### #.(...(.#
.....###### #.....(.#
####......### #.....(.#
#########...###>..(.(.#
...........5....(.....#
.##.†.##..............#
.........######5h.....#
..........#####.@.....#
......###....##5......#
......######.....######
......##.........#
......##.####....######
..#...#..# #.........#
..#..#..#####..<.####.#
.................#
.......###.......#


You could see Natasha, a crimson imp, a white imp and a shadow imp.

Vanquished Creatures
  3 adders (D:2)
  An ooze (D:1)
  2 worms (D:2)
  4 dart slugs
  A leopard gecko (D:1)
  2 ball pythons
  3 bats
  4 giant cockroaches
  2 goblins
  A hobgoblin (D:1)
  7 jackals (D:1)
  A frilled lizard (D:1)
  4 kobolds (D:1)
  8 rats
43 creatures vanquished.

Notes
Turn   | Place    | Note
-------+----------+-------------------------------------------
     0 | D:1      | McKennaii the High Elf Hunter began the quest for the Orb.
     0 | D:1      | Reached XP level 1. HP: 14/14 MP: 2/2
    88 | D:1      | Reached XP level 2. HP: 19/19 MP: 3/3
    98 | D:1      | Reached skill level 6 in Bows
   445 | D:1      | Reached XP level 3. HP: 20/24 MP: 4/4
   812 | D:2      | Found an opulent altar of Gozag.
   946 | D:2      | Reached skill level 7 in Bows
   946 | D:2      | Reached XP level 4. HP: 27/30 MP: 5/5
  1072 | D:2      | Noticed Natasha
  1082 | D:2      | Killed from afar by a white imp

Skill      XL: |  1  2  3 |
---------------+----------+-----
Bows           | 6 7 |  7.1
Fighting       | |  2.4
Long Blades    | |  0.2
Armour         | |  0.3
Dodging        | |  2.4
Stealth        | |  1.1

Action                   |  1- 3 |  4- 6 || total
-------------------------+-------+-------++-------
Melee: Long sword        |     7 |     8 ||    15
       Short sword       |     5 |       ||     5
 Fire: Shortbow          |   111 |    19 ||   130
Armor: Leather armour    |     8 |     2 ||    10
Dodge: Dodged            |    28 |    12 ||    40
       Rpst.: Long sword |     3 |     4 ||     7
